 Dungeon Crawl Stone Soup version 0.20-a0-1043-gbd57889 (webtiles) character file.

41 Alarkh the Slasher (level 3, 14/29 HPs)
             Began as a Demonspawn Fighter on Apr 24, 2017.
             Quit the game on level 2 of the Dungeon.
             The game lasted 00:00:47 (1171 turns).

Alarkh the Slasher (Demonspawn Fighter)             Turns: 1171, Time: 00:00:48

Health: 14/29      AC:  6    Str: 16    XL:     3   Next: 32%
Magic:  12/12      EV:  7    Int: 10    God:
Gold:   65         SH:  8    Dex: 12    Spells: 2/2 levels left

rFire    . . .     SeeInvis .   a - +0 long sword
rCold    + . .     Gourm    .   c - +0 shield
rNeg     . . .     Faith    .   b - +0 scale mail
rPois    .         Spirit   .   (helmet restricted)
rElec    .         Reflect  .   o - scarf {repulsion}
rCorr    .         Harm     .   (no gloves)
MR       .....                  (no boots)
Stlth    ..........             (no amulet)
Regen    0.1/turn               j - ring of magical power
MPRegen  0.2/turn               k - ring of protection from cold

@: repel missiles
A: horns 1, sturdy frame 1
a: no special abilities


You were on level 2 of the Dungeon.
You were not hungry.

You visited 1 branch of the dungeon, and saw 2 of its levels.

You collected 65 gold pieces.

Inventory:

Hand Weapons
 a - a +0 long sword (weapon)
Armour
 b - a +0 scale mail (worn)
 c - a +0 shield (worn)
 o - a scarf of repulsion (worn)
Jewellery
 j - a ring of magical power (left hand)
 k - a ring of protection from cold (right hand)
Scrolls
 e - a scroll of magic mapping {unknown}
 l - 2 scrolls of identify {unknown}
 m - a scroll of teleportation {unknown}
 n - a scroll of blinking {unknown}
 q - a scroll of noise {unknown}
Potions
 d - a potion of might
 g - 2 potions of curing {unknown}
 p - a potion of magic {unknown}
Comestibles
 f - a bread ration
 h - 3 fruits
 i - a chunk of flesh


   Skills:
 - Level 3.0 Fighting
 * Level 3.4 Long Blades
 - Level 2.6 Armour
 - Level 2.6 Shields


You had 2 spell levels left.
You didn't know any spells.

Dungeon Overview and Level Annotations

Branches:
Dungeon (2/15)

Altars:


Innate Abilities, Weirdness & Mutations

You have a pair of small horns on your head.
Your movements are slightly less encumbered by armour. (ER -2)


Message History

The worm is almost dead.
The worm bites you.
You are too injured to fight recklessly!
You are too injured to fight recklessly!
You are too injured to fight recklessly!
You are too injured to fight recklessly!
You are too injured to fight recklessly!
You are too injured to fight recklessly!
You are too injured to fight recklessly!
You are too injured to fight recklessly!
You are too injured to fight recklessly!
You are too injured to fight recklessly!
You are too injured to fight recklessly!
You are too injured to fight recklessly!
You are too injured to fight recklessly!
You are too injured to fight recklessly!
You are too injured to fight recklessly!
You slash the worm!
You kill the worm!
Are you sure you want to abandon this character and quit the game? (Confirm with "yes".)

.. . .## ..# #
#####.###.###
######.....#...$.#
......)<..).......
####......@.......
#..............
#..............
#..............
#..............
#..............
##.............
##.....#.....#


There were no monsters in sight!

Vanquished Creatures
  An adder (D:2)
  A worm (D:2)
  3 dart slugs (D:1)
  2 goblins (D:1)
  2 hobgoblins
  3 jackals (D:1)
  4 bats (D:1)
  A frilled lizard (D:1)
  3 kobolds
  4 rats (D:1)
24 creatures vanquished.

Notes
Turn   | Place    | Note
-------+----------+-------------------------------------------
     0 | D:1      | Alarkh the Demonspawn Fighter began the quest for the Orb.
     0 | D:1      | Reached XP level 1. HP: 18/18 MP: 1/1
   438 | D:1      | Gained mutation: Your movements are slightly less encumbered by armour. (ER -2) [demonic ancestry]
   438 | D:1      | Reached XP level 2. HP: 18/24 MP: 2/2
  1159 | D:2      | Gained mutation: You have a pair of small horns on your head. [demonic ancestry]
  1159 | D:2      | Reached XP level 3. HP: 29/29 MP: 3/3
  1171 | D:2      | Quit the game

Vault maps used:
D:1:      dpeg_arrival_lava_temple_mockup
D:2:      first_bread

Skill      XL: |  1  2 |
---------------+-------+-----
Long Blades    | 2 3 |  3.4
Fighting       | |  3.0
Armour         | |  2.6
Shields        | |  2.6

Action                   || total
-------------------------++-------
Melee: Long sword        ||    61
  Eat: Chunk             ||     1
Armor: Scale mail        ||    22
Dodge: Dodged            ||    16
       Deflected         ||     1
Block: Shield            ||    24
       Rpst.: Long sword ||     6
